 Dungeon Crawl Stone Soup version 0.32-a0-646-g91cf321817 (webtiles) character file.

Game seed: 17585367830291715388

795 GordonOverkill the Sneak (level 7, -4/41 HPs)
             Began as a Deep Elf Delver on Mar 8, 2024.
             Was a Believer of Vehumet.
             Slain by a sleepcap (21 damage)
             ... in the Ecumenical Temple.
             The game lasted 00:10:01 (3916 turns).

GordonOverkill the Sneak (Deep Elf Delver)          Turns: 3916, Time: 00:10:01

Health: -4/41      AC:  3    Str:  9    XL:     7   Next: 58%
Magic:  16/16      EV:  2    Int: 17    God:    Vehumet [**....]
Gold:   312        SH:  0    Dex: 16    Spells: 13/16 levels left

rFire   + . .        q - +2 rapier (venom)
rCold   . . .        (no shield)
rNeg    . . .        b - +0 leather armour
rPois   .            (no helmet)
rElec   .            (no cloak)
rCorr   .            (no gloves)
SInv    .            (no boots)
Will    .....        e - amulet of magic regeneration
Stlth   +++          n - ring of protection from fire
HPRegen 0.26/turn    a - +4 ring of slaying
MPRegen 0.55/turn

%: no passive effects
@: sleeping
A: no striking features
a: Renounce Religion


You were in the Ecumenical Temple.
You worshipped Vehumet.
Vehumet was pleased with you.
You visited 2 branches of the dungeon, and saw 7 of its levels.

You collected 312 gold pieces.

Inventory:

Hand Weapons
 m - a +1 dagger of electrocution
 q - a +2 rapier of venom (weapon)
Missiles
 h - a throwing net (quivered)
Armour
 b - a +0 leather armour (worn)
Jewellery
 a - a +4 ring of slaying (right hand)
 e - an amulet of magic regeneration (around neck)
 n - a ring of protection from fire (left hand)
 p - a ring of see invisible
 w - a ring of flight
Wands
 d - a wand of charming (2)
 g - a wand of digging (3)
Scrolls
 c - 2 scrolls of fog
 i - 2 scrolls of brand weapon
 k - a scroll of enchant armour
 l - 4 scrolls of revelation
 r - a scroll of fear
 s - a scroll of amnesia
 v - a scroll of identify
Potions
 f - a potion of haste
 j - 7 potions of curing
 o - a potion of mutation
 t - 2 potions of lignification
 u - a potion of attraction


   Skills:
 - Level 3.0 Fighting
 - Level 5.0 Short Blades
 - Level 2.4 Dodging
 - Level 6.0 Stealth
 - Level 5.0 Spellcasting
 - Level 2.0 Conjurations
 + Level 5.2 Translocations
 - Level 1.0 Evocations


You had 13 spell levels left.
You knew the following spells:

 Your Spells              Type           Power      Damage    Failure   Level
a - Gell's Gravitas       Tloc           22%        N/A       7%          3

Your spell library contained the following spells:

 Spells                   Type           Power      Damage    Failure   Level
 Magic Dart               Conj           44%        1d5       9%          1
 Lesser Beckoning         Tloc           44%        N/A       3%          2
 Teleport Other           Tloc           22%        N/A       7%          3
 Freeze                   Ice            16%        1d4       21%         1
 Hailstorm                Conj/Ice       7%         3d5       36%         3
 Frozen Ramparts          Ice            8%         1d2       52%         3
 Summon Ice Beast         Ice/Summ       4%         N/A       52%         3
 Summon Mana Viper        Hex/Summ       4%         N/A       99%         5
 Monstrous Menagerie      Summ           2%         N/A       100%        7


Dungeon Overview and Level Annotations

Branches:
Dungeon (6/15)             Temple (1/1) D:5

Altars:
Cheibriados
Dithmenos
Gozag
Okawaru
Qazlal
Ru
Sif Muna
Trog
Uskayaw
Vehumet
Wu Jian


Message History

The sleepcap barely misses you.
You wake up.
Unknown command.
Unknown command.
You hit the sleepcap but do no damage. The sleepcap barely misses you.
You hit the sleepcap but do no damage. The sleepcap barely misses you.
You completely miss the sleepcap. The sleepcap releases spores at you!
You are engulfed in a cloud of soporific spores!
You are unaffected.
You hit the sleepcap but do no damage. The sleepcap closely misses you.
Unknown command.
You hit the sleepcap.
The sleepcap is moderately damaged.
The sleepcap releases spores at you.
* * * LOW HITPOINT WARNING * * *
You are engulfed in a cloud of soporific spores!
You are unaffected.
The sleepcap barely misses you.
There is a staircase to the Ecumenical Temple here.
You can't go up here!
The sleepcap releases spores at you.
* * * LOW HITPOINT WARNING * * *
You are engulfed in a cloud of soporific spores!
You fall asleep.
You stop descending the stairs.
You wake up.
The sleepcap releases spores at you but does no damage.
You climb downwards.
Welcome back to the Ecumenical Temple!
There is a staircase back to the Dungeon here.
You hit the sleepcap.
The sleepcap is moderately damaged.
The sleepcap completely misses you.
You hit the sleepcap.
The sleepcap is heavily damaged.
The sleepcap releases spores at you.
* * * LOW HITPOINT WARNING * * *
You are engulfed in a cloud of soporific spores!
You fall asleep.
The sleepcap completely misses you. The sleepcap releases spores at you!!
Ouch! That really hurt!
You die...

#ß...#.........#...ß#
##...##§§§§§§§##...##
#_...##§§§§§##..._#
##....#######....##
#...............#
##ß...........ß##
##...........##
##_......._##
####f@)#### #####


You could see a sleepcap.

Vanquished Creatures
  Grinder (D:3)
  Eustachio (D:3)
  2 black bears
  A jelly (D:4)
  2 hounds (D:5)
  An orc priest (D:5)
  5 adders
  A white imp (D:5)
  A ribbon worm (D:3)
  A dart slug (D:4)
  16 orcs
  6 ball pythons
  5 endoplasms
  3 giant cockroaches
  3 goblins
  5 hobgoblins
  6 quokkas
  8 bats
  6 frilled lizards
  6 kobolds
  5 rats
85 creatures vanquished.

Notes
Turn   | Place    | Note
-------+----------+-------------------------------------------
     0 | D:5      | GordonOverkill the Deep Elf Delver began the quest for the
                  | Orb.
     0 | D:5      | Reached XP level 1. HP: 13/13 MP: 3/3
     1 | D:6      | Noticed an iguana
    13 | D:5      | Noticed a hound
    22 | D:5      | Killed a hound
    23 | D:5      | Reached skill level 1 in Spellcasting
    23 | D:5      | Reached skill level 1 in Evocations
    23 | D:5      | Reached skill level 1 in Conjurations
    23 | D:5      | Reached XP level 2. HP: 19/19 MP: 4/6
    23 | D:5      | Reached XP level 3. HP: 23/23 MP: 4/7
    68 | D:5      | Noticed a black bear
    88 | D:4      | Found a radiant altar of Vehumet.
   111 | D:4      | Became a worshipper of Vehumet
   215 | D:4      | Found an iron altar of Okawaru.
  1340 | D:2      | Reached XP level 4. HP: 10/28 MP: 9/9
  1627 | D:2      | Reached skill level 1 in Translocations
  1702 | D:1      | Reached * piety under Vehumet
  1702 | D:1      | Offered knowledge of Kiss of Death by Vehumet.
  2088 | D:3      | Noticed Grinder
  2091 | D:3      | Paralysed by Grinder for 3 turns
  2103 | D:3      | Killed Grinder
  2104 | D:3      | Reached XP level 5. HP: 16/32 MP: 11/11
  2104 | D:3      | Reached XP level 6. HP: 18/37 MP: 12/12
  2108 | D:3      | Learned a level 3 spell: Gell's Gravitas
  2677 | D:3      | Reached ** piety under Vehumet
  2677 | D:3      | Offered knowledge of Magic Dart by Vehumet.
  2727 | D:4      | Noticed Eustachio
  2742 | D:3      | Killed Eustachio
  2842 | D:4      | Reached skill level 5 in Short Blades
  3027 | D:4      | Reached XP level 7. HP: 33/41 MP: 13/13
  3274 | D:4      | Reached skill level 5 in Translocations
  3565 | D:5      | Found a sacrificial altar of Ru.
  3752 | D:5      | Reached skill level 5 in Spellcasting
  3814 | D:5      | Found a staircase to the Ecumenical Temple.
  3827 | Temple   | Entered the Ecumenical Temple
  3916 | Temple   | Slain by a sleepcap

Illustrated notes

Levels and vault maps discovered:
D:1:      amcnicky_arrival_wind_blow, layout_basic
D:2:      layout_basic
D:3:      layout_basic, uniq_grinder
D:4:      minmay_skewed_foursquare, layout_basic, mainiacjoe_overflow_paths,
          mainiacjoe_overflow_catwalk, uniq_eustachio
D:5:      layout_gridville, mainiacjoe_overflow_alcove_2, temple_statues,
          lightli_ossuary_entry_decrepit_ruins, minmay_gold_behind_fungi,
          serial_park_tiny_pond
D:6:      layout_basic, general_overflow_altar,
          beargit_hepliaklqana_dungeon_heroes, serial_shops,
          nicolae_shop_tiny_real_fake_doors
Temple:   hellmonk_temple_of_storms

Skill      XL: |  1  2  3  4  5  6  7 |
---------------+----------------------+-----
Fighting       | 3 |  3.0
Spellcasting   | 1 2 3 5 |  5.0
Evocations     | 1 |  1.0
Conjurations   | 1 2 |  2.0
Translocations | 3 4 5 |  5.2
Short Blades   | 4 5 |  5.0
Dodging        | |  2.4
Stealth        | |  6.0

Action                     |  1- 3 |  4- 6 |  7- 9 || total
---------------------------+-------+-------+-------++-------
  Melee: Short sword       |    78 |       |       ||    78
         Rapier            |    17 |    91 |    39 ||   147
   Cast: Gell's Gravitas   |       |     1 |     3 ||     4
    Use: Scroll            |     1 |    10 |     3 ||    14
         Potion            |       |     2 |       ||     2
   Stab: Sleeping          |    11 |    12 |     2 ||    25
         Invisible         |       |     2 |       ||     2
         Distracted        |       |       |     1 ||     1
 Armour: Leather armour    |    42 |    65 |    26 ||   133
  Dodge: Dodged            |    43 |    58 |    26 ||   127

Table legend: (Time is in decaauts)
 A = Elapsed time spent in this place.
 B = Non-inter-level travel time spent in this place.
 C = Inter-level travel time spent in this place.
 D = Time resting spent in this place.
 E = Time spent auto-exploring this place.
 F = Levels seen in this place.
 G = Mean time per level.
                   A        B        C        D        E       F      G
               +--------+--------+--------+--------+--------+-----+--------+
         Total |   3917 |   3746 |    171 |    706 |   1756 |   7 |  559.6 |
       Dungeon |   3843 |   3672 |    171 |    642 |   1756 |   6 |  640.5 |
        Temple |     74 |     74 |      0 |     64 |      0 |   1 |   74.0 |
               +--------+--------+--------+--------+--------+-----+--------+

Top non-repeatable levels by time:
     D:2: 1119 daAuts
     D:4: 862 daAuts
     D:3: 758 daAuts
     D:1: 595 daAuts
     D:5: 504 daAuts
  Temple: 74 daAuts
     D:6: 1 daAuts
